[ PARTIDA AOE2 · #481504476 ]
Team RMMagiares vs Franks
Equipo del jugador · VICT
[ ANÁLISIS DE REPETICIÓN · EXTRAÍDO DE LA PARTIDA GRABADA ]
Feudal
12:50
Castillos
17:11
Imperial
34:34
| APM promedio | 29.1 |
| APM pico | 58 |
| eAPM promedio | 17.6 |
| Aldeanos / militares | 180 / 568 |
Foco
⚔️ 57.2% · 🌾 42.8%
Scout Cavalry ×249 · Spearman ×187 · Knight ×89 · Magyar Huszar ×31 · Battering Ram ×5 · Trebuchet (Packed) ×4
Feudal
11:58
Castillos
16:40
Imperial
37:38
| APM promedio | 22.4 |
| APM pico | 46 |
| eAPM promedio | 14.2 |
| Aldeanos / militares | 130 / 603 |
Foco
⚔️ 36.3% · 🌾 63.7%
Spearman ×350 · Huskarl ×234 · Battering Ram ×8 · Bombard Cannon ×6 · Trebuchet (Packed) ×3 · Knight ×2
Feudal
12:16
Castillos
19:02
Imperial
41:07
| APM promedio | 17.5 |
| APM pico | 39 |
| eAPM promedio | 12.9 |
| Aldeanos / militares | 184 / 183 |
Foco
⚔️ 34.0% · 🌾 66.0%
Spearman ×91 · Archer ×41 · Chu Ko Nu ×29 · Iron Pagoda ×21 · Militia ×1
Feudal
12:13
Castillos
21:26
Imperial
—
| APM promedio | 21.1 |
| APM pico | 70 |
| eAPM promedio | 10.2 |
| Aldeanos / militares | 78 / 8 |
Foco
⚔️ 15.5% · 🌾 84.5%
Skirmisher ×7 · Militia ×1
Feudal
8:58
Castillos
29:20
Imperial
41:17
| APM promedio | 31.2 |
| APM pico | 75 |
| eAPM promedio | 18.1 |
| Aldeanos / militares | 129 / 298 |
Foco
⚔️ 49.4% · 🌾 50.6%
Spearman ×191 · Serjeant ×74 · Battering Ram ×23 · Archer ×7 · Militia ×3
Feudal
11:01
Castillos
17:52
Imperial
30:40
| APM promedio | 29.7 |
| APM pico | 79 |
| eAPM promedio | 17.3 |
| Aldeanos / militares | 116 / 272 |
Foco
⚔️ 42.6% · 🌾 57.4%
Skirmisher ×110 · Knight ×80 · Scout Cavalry ×58 · Spearman ×15 · Trebuchet (Packed) ×5 · Coustillier ×2
Feudal
—
Castillos
—
Imperial
—
| APM promedio | 46.8 |
| APM pico | 158 |
| eAPM promedio | 39.5 |
| Aldeanos / militares | 204 / 209 |
Foco
⚔️ 14.1% · 🌾 85.9%
Militia ×92 · Spearman ×70 · Scorpion ×17 · Centurion ×11 · Skirmisher ×11 · Trebuchet (Packed) ×6
Feudal
10:40
Castillos
14:32
Imperial
40:08
| APM promedio | 26.2 |
| APM pico | 77 |
| eAPM promedio | 17.0 |
| Aldeanos / militares | 415 / 415 |
Foco
⚔️ 41.3% · 🌾 58.7%
Knight ×355 · Militia ×60
Mapa de la partida
Recursos al inicio + cada clic de construcción. Línea gruesa = muro · recuadro discontinuo = muro de casas detectado. 🟡 oro · ⚪ piedra · 🟢 bayas · 🔶 jabalí · ⭕ reliquia
Inputs por minuto
— [GZ] Hazardous274 - - eduhaas
Build order — [GZ] Hazardous274
Primeras 150 de 488 acciones detectadas
| 0:02 | Crear | Villager (Male) |
| 0:03 | Crear | Villager (Male) |
| 0:03 | Crear | Villager (Male) |
| 0:05 | Construir | House |
| 0:09 | Construir | House |
| 0:50 | Crear | Villager (Male) |
| 1:28 | Crear | Villager (Male) |
| 1:54 | Construir | Lumber Camp |
| 2:09 | Crear | Villager (Male) |
| 2:26 | Crear | Villager (Male) |
| 2:42 | Construir | House |
| 2:53 | Crear | Villager (Male) |
| 3:12 | Crear | Villager (Male) |
| 3:43 | Construir | House |
| 3:47 | Construir | Palisade Wall |
| 3:52 | Crear | Villager (Male) |
| 4:02 | Crear | Villager (Male) |
| 4:24 | Construir | Mill |
| 4:44 | Investigar | Loom |
| 5:27 | Crear | Villager (Male) |
| 5:34 | Crear | Villager (Male) |
| 5:52 | Construir | Palisade Gate |
| 6:10 | Crear | Villager (Male) |
| 7:28 | Crear | Villager (Male) |
| 7:28 | Crear | Villager (Male) |
| 7:29 | Crear | Villager (Male) |
| 7:46 | Crear | Villager (Male) |
| 8:45 | Crear | Villager (Male) |
| 8:52 | Construir | House |
| 9:15 | Construir | Mining Camp |
| 10:15 | Crear | Villager (Male) |
| 10:20 | Investigar | Feudal Age |
| 12:15 | Construir | Farm |
| 12:16 | Construir | Farm |
| 12:17 | Construir | Farm |
| 12:43 | Construir | Farm |
| 12:50 | Edad | Edad Feudal |
| 13:01 | Construir | Blacksmith |
| 13:14 | Construir | Market |
| 13:41 | Crear | Villager (Male) |
| 13:41 | Crear | Villager (Male) |
| 14:15 | Construir | Barracks |
| 14:24 | Construir | Farm |
| 14:25 | Investigar | Castle Age |
| 14:34 | Construir | Farm |
| 14:35 | Construir | Farm |
| 14:40 | Investigar | Double-Bit Axe |
| 15:11 | Construir | House |
| 15:58 | Construir | Stable |
| 16:26 | Crear | Villager (Male) |
| 16:26 | Crear | Villager (Male) |
| 17:11 | Edad | Edad de los Castillos |
| 17:16 | Construir | Building 804 |
| 17:17 | Construir | Palisade Wall |
| 17:21 | Crear | Knight |
| 17:21 | Crear | Knight |
| 17:22 | Crear | Knight |
| 17:33 | Investigar | Scale Barding Armor |
| 17:47 | Construir | Town Center |
| 17:52 | Crear | Villager (Male) |
| 17:58 | Crear | Knight |
| 18:24 | Investigar | Bow Saw |
| 18:25 | Investigar | Horse Collar |
| 18:30 | Crear | Knight |
| 19:01 | Crear | Knight |
| 19:12 | Construir | House |
| 19:21 | Investigar | Bloodlines |
| 19:34 | Construir | Farm |
| 20:04 | Crear | Villager (Male) |
| 20:05 | Crear | Villager (Male) |
| 20:12 | Construir | Farm |
| 20:13 | Construir | Farm |
| 20:31 | Crear | Villager (Male) |
| 20:40 | Construir | Farm |
| 20:43 | Construir | Farm |
| 20:44 | Crear | Villager (Male) |
| 21:12 | Construir | Farm |
| 21:14 | Crear | Villager (Male) |
| 21:36 | Crear | Villager (Male) |
| 21:39 | Investigar | Town Watch |
| 21:51 | Construir | Farm |
| 21:52 | Crear | Villager (Male) |
| 22:24 | Construir | Town Center |
| 22:31 | Crear | Knight |
| 22:31 | Crear | Knight |
| 22:35 | Construir | Farm |
| 22:37 | Crear | Villager (Male) |
| 22:38 | Crear | Villager (Male) |
| 22:43 | Construir | Farm |
| 22:44 | Construir | Farm |
| 22:45 | Construir | Farm |
| 22:47 | Construir | Farm |
| 22:48 | Construir | Farm |
| 22:49 | Construir | Farm |
| 22:50 | Crear | Villager (Male) |
| 23:11 | Construir | Farm |
| 23:12 | Crear | Villager (Male) |
| 23:14 | Crear | Villager (Male) |
| 23:16 | Construir | House |
| 23:39 | Crear | Villager (Male) |
| 23:40 | Crear | Villager (Male) |
| 23:57 | Construir | Farm |
| 24:09 | Crear | Villager (Male) |
| 24:33 | Construir | Farm |
| 24:34 | Crear | Villager (Male) |
| 24:37 | Investigar | Wheelbarrow |
| 24:45 | Crear | Knight |
| 24:46 | Crear | Knight |
| 24:51 | Crear | Villager (Male) |
| 25:01 | Construir | Farm |
| 25:39 | Crear | Villager (Male) |
| 25:41 | Crear | Villager (Male) |
| 25:42 | Crear | Villager (Male) |
| 25:45 | Crear | Knight |
| 25:46 | Crear | Knight |
| 25:53 | Construir | House |
| 25:53 | Construir | House |
| 25:55 | Construir | House |
| 26:00 | Construir | Stable |
| 26:03 | Crear | Villager (Male) |
| 26:03 | Crear | Villager (Male) |
| 26:17 | Crear | Villager (Male) |
| 26:18 | Crear | Villager (Male) |
| 26:26 | Construir | Farm |
| 26:50 | Construir | Farm |
| 27:02 | Crear | Knight |
| 27:09 | Construir | House |
| 27:11 | Construir | House |
| 27:12 | Construir | House |
| 27:18 | Crear | Villager (Male) |
| 27:18 | Crear | Villager (Male) |
| 27:25 | Investigar | Hand Cart |
| 27:26 | Crear | Villager (Male) |
| 27:26 | Crear | Villager (Male) |
| 27:38 | Crear | Knight ×3 |
| 28:28 | Investigar | Chain Barding Armor |
| 28:31 | Crear | Villager (Male) |
| 28:31 | Crear | Villager (Male) |
| 29:01 | Construir | Farm |
| 29:02 | Crear | Villager (Male) |
| 29:03 | Crear | Villager (Male) |
| 29:05 | Crear | Villager (Male) |
| 29:06 | Crear | Villager (Male) |
| 29:19 | Construir | Siege Workshop |
| 29:22 | Construir | Stable |
| 29:29 | Construir | Monastery |
| 29:34 | Construir | Farm |
| 29:59 | Construir | Farm |
| 30:00 | Crear | Villager (Male) |
| 30:02 | Crear | Villager (Male) |
Build order — eduhaas
Primeras 150 de 435 acciones detectadas
| 0:01 | Crear | Villager (Male) |
| 0:01 | Crear | Villager (Male) |
| 0:01 | Crear | Villager (Male) |
| 0:02 | Crear | Villager (Male) |
| 0:03 | Construir | House |
| 0:06 | Construir | House |
| 1:39 | Crear | Villager (Male) |
| 2:04 | Crear | Villager (Male) |
| 2:10 | Construir | Lumber Camp |
| 2:41 | Crear | Villager (Male) |
| 2:52 | Crear | Villager (Male) |
| 3:08 | Crear | Villager (Male) |
| 3:36 | Crear | Villager (Male) |
| 3:46 | Crear | Villager (Male) |
| 3:46 | Crear | Villager (Male) |
| 4:03 | Construir | House |
| 4:03 | Construir | House |
| 4:04 | Construir | House |
| 4:10 | Crear | Villager (Male) |
| 5:06 | Construir | Palisade Wall |
| 5:34 | Construir | Mill |
| 5:35 | Crear | Villager (Male) |
| 5:36 | Crear | Villager (Male) |
| 5:36 | Crear | Villager (Male) |
| 6:01 | Crear | Villager (Male) |
| 6:01 | Crear | Villager (Male) |
| 6:31 | Crear | Villager (Male) |
| 6:47 | Crear | Villager (Male) |
| 7:01 | Crear | Villager (Male) |
| 7:26 | Construir | Mining Camp |
| 7:29 | Crear | Villager (Male) |
| 7:29 | Crear | Villager (Male) |
| 8:03 | Construir | Palisade Wall |
| 8:38 | Crear | Villager (Male) |
| 8:47 | Construir | Mining Camp |
| 9:48 | Investigar | Feudal Age |
| 10:35 | Crear | Villager (Male) |
| 10:35 | Investigar | Loom |
| 11:04 | Construir | Barracks |
| 11:58 | Edad | Edad Feudal |
| 12:09 | Construir | Market |
| 12:15 | Construir | Blacksmith |
| 12:21 | Crear | Villager (Male) |
| 12:50 | Construir | Watch Tower |
| 13:15 | Construir | Palisade Wall |
| 13:52 | Construir | Palisade Wall |
| 14:00 | Investigar | Castle Age |
| 14:54 | Construir | Building 796 |
| 15:01 | Crear | Villager (Male) |
| 15:01 | Crear | Villager (Male) |
| 15:02 | Crear | Villager (Male) |
| 15:31 | Construir | Stable |
| 15:32 | Construir | Stable |
| 15:48 | Investigar | Double-Bit Axe |
| 15:52 | Investigar | Horse Collar |
| 16:19 | Construir | House |
| 16:20 | Construir | House |
| 16:40 | Edad | Edad de los Castillos |
| 16:47 | Crear | Villager (Male) |
| 17:02 | Construir | Farm |
| 17:27 | Construir | Town Center |
| 17:37 | Crear | Villager (Male) |
| 17:47 | Construir | Farm |
| 17:49 | Crear | Knight |
| 18:07 | Construir | Farm |
| 18:20 | Construir | Farm |
| 18:25 | Construir | Farm |
| 18:28 | Crear | Villager (Male) |
| 18:29 | Crear | Villager (Male) |
| 18:30 | Crear | Villager (Male) |
| 18:30 | Crear | Villager (Male) |
| 18:39 | Construir | Farm |
| 18:52 | Construir | Farm |
| 18:57 | Crear | Villager (Male) |
| 19:07 | Crear | Knight |
| 19:12 | Construir | Farm |
| 19:15 | Construir | Farm |
| 19:28 | Construir | Farm |
| 19:33 | Construir | Farm |
| 19:35 | Crear | Villager (Male) |
| 19:39 | Construir | Farm |
| 19:49 | Construir | Farm |
| 19:51 | Crear | Villager (Male) |
| 20:03 | Construir | Farm |
| 20:08 | Crear | Villager (Male) |
| 20:23 | Crear | Villager (Male) |
| 20:26 | Construir | Farm |
| 20:29 | Construir | Farm |
| 20:33 | Construir | Farm |
| 20:34 | Crear | Villager (Male) |
| 20:39 | Crear | Villager (Male) |
| 20:43 | Construir | House |
| 20:44 | Construir | House |
| 20:45 | Construir | House |
| 21:13 | Construir | Palisade Wall |
| 21:30 | Construir | Barracks |
| 21:32 | Construir | Farm |
| 21:33 | Crear | Villager (Male) |
| 21:34 | Crear | Villager (Male) |
| 21:34 | Crear | Villager (Male) |
| 21:36 | Crear | Villager (Male) |
| 21:37 | Crear | Villager (Male) |
| 22:06 | Crear | Villager (Male) |
| 22:06 | Crear | Villager (Male) |
| 22:09 | Crear | Villager (Male) |
| 22:09 | Crear | Villager (Male) |
| 22:12 | Construir | Farm |
| 22:20 | Construir | House |
| 22:21 | Construir | House |
| 22:48 | Construir | Farm |
| 22:48 | Crear | Villager (Male) |
| 22:52 | Construir | Farm |
| 22:53 | Crear | Villager (Male) |
| 22:54 | Crear | Villager (Male) |
| 22:55 | Crear | Villager (Male) |
| 22:56 | Crear | Villager (Male) |
| 23:12 | Construir | Town Center |
| 23:18 | Crear | Villager (Male) |
| 23:18 | Crear | Villager (Male) |
| 23:19 | Crear | Villager (Male) |
| 23:19 | Crear | Villager (Male) |
| 23:21 | Construir | Farm |
| 23:48 | Crear | Villager (Male) |
| 23:48 | Crear | Villager (Male) |
| 23:48 | Crear | Villager (Male) |
| 23:50 | Construir | Farm |
| 24:04 | Crear | Villager (Male) |
| 24:04 | Crear | Villager (Male) |
| 24:30 | Investigar | Pikeman (upgrade) |
| 25:00 | Crear | Spearman ×5 |
| 25:01 | Crear | Spearman ×4 |
| 25:01 | Crear | Spearman ×4 |
| 25:21 | Crear | Villager (Male) |
| 25:22 | Crear | Villager (Male) |
| 25:22 | Crear | Villager (Male) |
| 25:30 | Construir | Castle |
| 25:51 | Crear | Spearman ×5 |
| 25:51 | Crear | Spearman ×5 |
| 25:55 | Construir | Farm |
| 27:06 | Construir | Farm |
| 27:09 | Construir | Farm |
| 27:10 | Crear | Villager (Male) |
| 27:11 | Crear | Villager (Male) |
| 27:45 | Investigar | Forging |
| 27:46 | Investigar | Scale Mail Armor |
| 27:46 | Investigar | Padded Archer Armor |
| 27:47 | Investigar | Fletching |
| 27:51 | Crear | Spearman ×5 |
| 27:52 | Crear | Spearman ×5 |
| 27:52 | Crear | Spearman |
Build order — Insider Trading
Primeras 150 de 540 acciones detectadas
| 0:05 | Construir | House |
| 0:15 | Construir | House |
| 1:01 | Crear | Villager (Male) |
| 1:02 | Crear | Villager (Male) |
| 1:29 | Crear | Villager (Male) |
| 1:29 | Crear | Villager (Male) |
| 1:32 | Construir | House |
| 2:08 | Crear | Villager (Male) |
| 2:34 | Construir | Lumber Camp |
| 2:40 | Crear | Villager (Male) |
| 2:40 | Crear | Villager (Male) |
| 3:01 | Crear | Villager (Male) |
| 3:01 | Crear | Villager (Male) |
| 3:29 | Crear | Villager (Male) |
| 3:52 | Crear | Villager (Male) |
| 3:52 | Crear | Villager (Male) |
| 4:16 | Crear | Villager (Male) |
| 4:16 | Crear | Villager (Male) |
| 4:36 | Crear | Villager (Male) |
| 4:36 | Crear | Villager (Male) |
| 5:00 | Crear | Villager (Male) |
| 5:43 | Crear | Villager (Male) |
| 5:44 | Crear | Villager (Male) |
| 5:44 | Crear | Villager (Male) |
| 7:14 | Crear | Villager (Male) |
| 7:14 | Crear | Villager (Male) |
| 7:34 | Construir | Mill |
| 8:11 | Crear | Villager (Male) |
| 8:11 | Crear | Villager (Male) |
| 8:14 | Crear | Villager (Male) |
| 8:15 | Crear | Villager (Male) |
| 8:16 | Investigar | Loom |
| 9:03 | Construir | Mining Camp |
| 9:32 | Construir | House |
| 9:36 | Construir | Mining Camp |
| 9:39 | Investigar | Feudal Age |
| 9:45 | Construir | Farm |
| 9:46 | Construir | Farm |
| 9:46 | Construir | Farm |
| 11:06 | Crear | Villager (Male) |
| 11:06 | Crear | Villager (Male) |
| 11:51 | Construir | Farm |
| 11:51 | Construir | Farm |
| 12:06 | Construir | Farm |
| 12:16 | Edad | Edad Feudal |
| 12:32 | Construir | Stone Wall |
| 12:38 | Construir | Building 487 |
| 12:45 | Construir | Stone Wall |
| 12:59 | Investigar | Double-Bit Axe |
| 13:01 | Investigar | Horse Collar |
| 13:07 | Crear | Villager (Male) |
| 13:08 | Crear | Villager (Male) |
| 13:08 | Crear | Villager (Male) |
| 13:37 | Construir | House |
| 13:38 | Construir | House |
| 14:08 | Construir | Blacksmith |
| 14:19 | Construir | Market |
| 15:20 | Construir | Farm |
| 16:22 | Investigar | Castle Age |
| 16:34 | Construir | Stone Wall |
| 17:25 | Crear | Villager (Male) |
| 17:26 | Crear | Villager (Male) |
| 17:45 | Construir | Building 487 |
| 18:14 | Construir | Stone Wall |
| 18:18 | Construir | Building 490 |
| 19:02 | Edad | Edad de los Castillos |
| 19:12 | Investigar | Stone Mining |
| 19:18 | Investigar | Bow Saw |
| 19:36 | Crear | Villager (Male) |
| 19:37 | Crear | Villager (Male) |
| 19:52 | Construir | Barracks |
| 19:59 | Investigar | Fletching |
| 20:04 | Crear | Villager (Male) |
| 21:07 | Crear | Villager (Male) |
| 21:07 | Crear | Villager (Male) |
| 21:15 | Construir | Town Center |
| 21:40 | Construir | Archery Range |
| 21:41 | Construir | Archery Range |
| 21:45 | Investigar | Bodkin Arrow |
| 21:47 | Crear | Villager (Male) |
| 22:31 | Construir | Castle |
| 22:36 | Crear | Villager (Male) |
| 22:36 | Crear | Villager (Male) |
| 22:41 | Investigar | Padded Archer Armor |
| 22:45 | Construir | Archery Range |
| 22:49 | Investigar | Crossbowman (upgrade) |
| 23:04 | Crear | Villager (Male) |
| 23:25 | Crear | Villager (Male) |
| 23:26 | Crear | Villager (Male) |
| 23:49 | Construir | Farm |
| 24:10 | Construir | Lumber Camp |
| 24:15 | Crear | Villager (Male) |
| 24:16 | Crear | Villager (Male) |
| 24:28 | Crear | Archer |
| 24:28 | Crear | Archer |
| 24:32 | Crear | Chu Ko Nu |
| 24:43 | Crear | Villager (Male) |
| 24:45 | Crear | Villager (Male) |
| 24:59 | Crear | Chu Ko Nu |
| 25:23 | Crear | Chu Ko Nu |
| 25:30 | Construir | Farm |
| 25:30 | Construir | Farm |
| 25:31 | Construir | Farm |
| 25:31 | Construir | Farm |
| 25:37 | Construir | Farm |
| 25:38 | Crear | Villager (Male) |
| 25:38 | Crear | Villager (Male) |
| 25:41 | Crear | Villager (Male) |
| 25:41 | Crear | Villager (Male) |
| 25:45 | Crear | Chu Ko Nu |
| 25:59 | Crear | Chu Ko Nu |
| 26:00 | Crear | Chu Ko Nu |
| 26:02 | Construir | Farm |
| 26:13 | Construir | Farm |
| 26:19 | Construir | Farm |
| 26:23 | Construir | Farm |
| 26:27 | Crear | Chu Ko Nu |
| 26:27 | Crear | Chu Ko Nu |
| 26:55 | Investigar | Leather Archer Armor |
| 27:26 | Crear | Villager (Male) |
| 27:28 | Crear | Villager (Male) |
| 27:28 | Crear | Villager (Male) |
| 28:33 | Crear | Chu Ko Nu |
| 28:33 | Crear | Chu Ko Nu |
| 28:40 | Investigar | Great Wall |
| 28:41 | Crear | Villager (Male) |
| 28:41 | Crear | Villager (Male) |
| 28:42 | Crear | Villager (Male) |
| 28:42 | Crear | Villager (Male) |
| 28:49 | Construir | Town Center |
| 29:01 | Construir | Town Center |
| 29:06 | Construir | Farm |
| 29:10 | Construir | Farm |
| 29:18 | Construir | Mill |
| 29:25 | Construir | Farm |
| 29:28 | Construir | Farm |
| 29:30 | Crear | Villager (Male) |
| 29:30 | Crear | Villager (Male) |
| 29:31 | Crear | Villager (Male) |
| 29:31 | Crear | Villager (Male) |
| 29:36 | Crear | Chu Ko Nu |
| 29:36 | Crear | Chu Ko Nu |
| 29:43 | Crear | Archer |
| 29:43 | Crear | Archer |
| 29:50 | Investigar | Heavy Plow |
| 29:55 | Investigar | Gold Mining |
| 30:32 | Construir | Mining Camp |
| 30:35 | Crear | Chu Ko Nu |
| 30:35 | Crear | Chu Ko Nu |
| 30:36 | Crear | Villager (Male) |
Build order — Jcn_x
Primeras 150 de 168 acciones detectadas
| 0:05 | Crear | Villager (Male) ×4 |
| 0:05 | Crear | Villager (Male) ×4 |
| 0:12 | Construir | House |
| 0:16 | Construir | House |
| 1:40 | Crear | Villager (Male) |
| 1:54 | Construir | Lumber Camp |
| 2:18 | Crear | Villager (Male) |
| 2:54 | Crear | Villager (Male) |
| 3:44 | Crear | Villager (Male) |
| 3:44 | Crear | Villager (Male) |
| 3:45 | Crear | Villager (Male) |
| 4:20 | Construir | House |
| 4:31 | Crear | Villager (Male) |
| 4:41 | Construir | Mill |
| 4:43 | Crear | Villager (Male) |
| 4:44 | Crear | Villager (Male) |
| 5:04 | Construir | House |
| 5:22 | Crear | Villager (Male) |
| 5:23 | Crear | Villager (Male) |
| 5:31 | Construir | Mill |
| 6:00 | Crear | Villager (Male) |
| 6:00 | Crear | Villager (Male) |
| 6:01 | Investigar | Loom |
| 6:35 | Construir | Palisade Gate |
| 6:40 | Construir | House |
| 6:48 | Crear | Villager (Male) |
| 7:12 | Construir | House |
| 7:35 | Crear | Villager (Male) |
| 7:43 | Crear | Villager (Male) |
| 7:55 | Construir | Mining Camp |
| 8:09 | Crear | Villager (Male) |
| 9:02 | Crear | Villager (Male) |
| 10:03 | Investigar | Feudal Age |
| 11:26 | Construir | Barracks |
| 11:58 | Crear | Militia |
| 12:13 | Edad | Edad Feudal |
| 12:33 | Construir | Watch Tower |
| 12:46 | Construir | House |
| 12:51 | Construir | House |
| 14:15 | Construir | Archery Range |
| 14:34 | Construir | Market |
| 14:38 | Construir | Blacksmith |
| 14:47 | Investigar | Town Watch |
| 14:53 | Crear | Skirmisher |
| 15:25 | Construir | Mining Camp |
| 15:33 | Construir | Stone Wall |
| 15:52 | Construir | Stone Wall |
| 16:06 | Construir | House |
| 16:29 | Construir | Stone Wall |
| 18:16 | Investigar | Fletching |
| 18:46 | Investigar | Castle Age |
| 21:14 | Construir | Stone Wall |
| 21:26 | Edad | Edad de los Castillos |
| 21:45 | Construir | Lumber Camp |
| 23:52 | Construir | Barracks |
| 24:21 | Construir | Archery Range |
| 24:32 | Crear | Skirmisher |
| 24:33 | Crear | Skirmisher |
| 25:12 | Investigar | Padded Archer Armor |
| 25:33 | Construir | Farm |
| 25:34 | Construir | Farm |
| 25:36 | Construir | Farm |
| 25:40 | Construir | Farm |
| 25:42 | Construir | Farm |
| 25:43 | Construir | Farm |
| 25:44 | Construir | Farm |
| 25:53 | Crear | Villager (Male) |
| 26:40 | Crear | Skirmisher |
| 26:59 | Construir | House |
| 27:00 | Construir | House |
| 27:04 | Construir | House |
| 27:07 | Construir | House |
| 27:54 | Investigar | Wheelbarrow |
| 28:21 | Crear | Skirmisher |
| 28:23 | Crear | Skirmisher |
| 28:24 | Crear | Skirmisher |
| 28:48 | Crear | Villager (Male) |
| 29:02 | Construir | House |
| 29:04 | Construir | House |
| 29:15 | Crear | Villager (Male) |
| 30:00 | Crear | Villager (Male) |
| 30:00 | Crear | Villager (Male) |
| 30:22 | Construir | Siege Workshop |
| 30:56 | Construir | House |
| 31:31 | Construir | Stone Wall |
| 31:52 | Construir | Farm |
| 31:54 | Construir | Farm |
| 32:18 | Construir | House |
| 32:21 | Construir | House |
| 32:24 | Construir | House |
| 33:23 | Investigar | Double-Bit Axe |
| 33:26 | Investigar | Horse Collar |
| 33:58 | Construir | Watch Tower |
| 37:02 | Construir | Town Center |
| 39:04 | Crear | Villager (Male) |
| 39:04 | Crear | Villager (Male) |
| 39:05 | Crear | Villager (Male) |
| 39:05 | Crear | Villager (Male) |
| 39:05 | Crear | Villager (Male) |
| 39:05 | Crear | Villager (Male) |
| 39:06 | Crear | Villager (Male) |
| 39:06 | Crear | Villager (Male) |
| 39:06 | Crear | Villager (Male) |
| 39:07 | Crear | Villager (Male) |
| 40:06 | Crear | Villager (Male) |
| 41:05 | Crear | Villager (Male) |
| 41:05 | Crear | Villager (Male) |
| 41:29 | Construir | Mining Camp |
| 42:16 | Construir | Barracks |
| 42:25 | Construir | Stone Wall |
| 42:37 | Crear | Villager (Male) |
| 42:38 | Crear | Villager (Male) |
| 44:45 | Crear | Villager (Male) |
| 46:00 | Construir | Lumber Camp |
| 46:11 | Construir | House |
| 46:16 | Construir | House |
| 48:26 | Construir | Town Center |
| 48:40 | Investigar | Bow Saw |
| 51:02 | Crear | Villager (Male) |
| 51:02 | Crear | Villager (Male) |
| 51:03 | Crear | Villager (Male) |
| 51:03 | Crear | Villager (Male) |
| 51:03 | Crear | Villager (Male) |
| 51:04 | Crear | Villager (Male) |
| 51:04 | Crear | Villager (Male) |
| 51:04 | Crear | Villager (Male) |
| 51:37 | Construir | Town Center |
| 54:09 | Construir | Barracks |
| 54:13 | Construir | Farm |
| 54:14 | Construir | Farm |
| 54:18 | Crear | Villager (Male) |
| 55:24 | Construir | House |
| 56:53 | Construir | Town Center |
| 57:22 | Crear | Villager (Male) |
| 57:22 | Crear | Villager (Male) |
| 57:23 | Crear | Villager (Male) |
| 57:40 | Construir | Farm |
| 57:41 | Construir | Farm |
| 57:43 | Construir | Farm |
| 57:45 | Construir | Farm |
| 58:07 | Crear | Villager (Male) |
| 58:08 | Crear | Villager (Male) |
| 58:44 | Construir | Farm |
| 58:44 | Construir | Farm |
| 58:44 | Construir | Farm |
| 58:51 | Crear | Villager (Male) |
| 58:51 | Crear | Villager (Male) |
| 59:29 | Investigar | Heavy Plow |
| 59:39 | Crear | Villager (Male) |
| 59:55 | Crear | Villager (Male) |
Build order — zThanatos
Primeras 150 de 639 acciones detectadas
| 0:01 | Crear | Villager (Male) |
| 0:01 | Crear | Villager (Male) |
| 0:04 | Construir | House |
| 0:06 | Construir | House |
| 0:14 | Crear | Villager (Male) |
| 0:14 | Crear | Villager (Male) |
| 0:15 | Crear | Villager (Male) |
| 1:24 | Crear | Villager (Male) |
| 1:48 | Construir | Lumber Camp |
| 2:01 | Crear | Villager (Male) |
| 2:01 | Crear | Villager (Male) |
| 2:31 | Crear | Villager (Male) |
| 3:00 | Crear | Villager (Male) |
| 3:28 | Crear | Villager (Male) |
| 3:28 | Crear | Villager (Male) |
| 3:57 | Construir | House |
| 4:18 | Crear | Villager (Male) |
| 4:19 | Crear | Villager (Male) |
| 4:19 | Crear | Villager (Male) |
| 5:12 | Crear | Villager (Male) |
| 5:12 | Crear | Villager (Male) |
| 5:31 | Construir | Mill |
| 5:41 | Crear | Villager (Male) |
| 5:57 | Investigar | Loom |
| 6:41 | Investigar | Feudal Age |
| 6:56 | Construir | Lumber Camp |
| 7:53 | Crear | Villager (Male) |
| 8:39 | Crear | Villager (Male) |
| 8:42 | Construir | House |
| 8:58 | Edad | Edad Feudal |
| 9:04 | Crear | Villager (Male) |
| 9:06 | Investigar | Double-Bit Axe |
| 9:16 | Construir | Donjon |
| 9:28 | Construir | House |
| 9:31 | Construir | House |
| 9:34 | Construir | House |
| 9:37 | Construir | House |
| 10:19 | Construir | Palisade Wall |
| 10:32 | Crear | Serjeant |
| 10:32 | Crear | Serjeant |
| 10:56 | Crear | Villager (Male) |
| 10:57 | Crear | Villager (Male) |
| 11:00 | Construir | Mining Camp |
| 11:26 | Construir | Archery Range |
| 11:42 | Crear | Villager (Male) |
| 11:42 | Crear | Villager (Male) |
| 12:08 | Construir | Mining Camp |
| 12:16 | Construir | Farm |
| 12:16 | Construir | Farm |
| 12:16 | Construir | Farm |
| 12:17 | Construir | Farm |
| 12:17 | Construir | Farm |
| 13:10 | Crear | Archer |
| 13:16 | Crear | Villager (Male) |
| 13:16 | Crear | Villager (Male) |
| 13:31 | Crear | Villager (Male) |
| 13:45 | Construir | Mining Camp |
| 13:57 | Crear | Archer |
| 14:09 | Crear | Villager (Male) |
| 14:17 | Construir | Blacksmith |
| 14:27 | Crear | Archer |
| 14:53 | Crear | Villager (Male) |
| 15:01 | Construir | Donjon |
| 15:40 | Crear | Villager (Male) |
| 15:40 | Crear | Villager (Male) |
| 15:41 | Crear | Villager (Male) |
| 16:07 | Construir | House |
| 16:08 | Construir | House |
| 16:11 | Crear | Archer |
| 16:11 | Crear | Archer |
| 16:14 | Crear | Villager (Male) |
| 16:59 | Crear | Villager (Male) |
| 17:07 | Construir | Donjon |
| 17:22 | Crear | Villager (Male) |
| 17:30 | Construir | House |
| 17:41 | Construir | Farm |
| 17:41 | Construir | Farm |
| 17:42 | Construir | Farm |
| 17:42 | Construir | Farm |
| 17:47 | Construir | Farm |
| 17:51 | Investigar | Horse Collar |
| 18:09 | Crear | Archer |
| 18:09 | Crear | Archer |
| 18:23 | Construir | Donjon |
| 18:30 | Construir | House |
| 18:37 | Construir | Building 796 |
| 19:04 | Crear | Villager (Male) |
| 19:04 | Crear | Villager (Male) |
| 19:10 | Construir | Farm |
| 19:16 | Crear | Serjeant |
| 19:16 | Crear | Serjeant |
| 19:40 | Crear | Serjeant |
| 19:58 | Construir | Donjon |
| 20:08 | Crear | Spearman |
| 20:08 | Crear | Spearman |
| 20:08 | Crear | Spearman |
| 20:09 | Crear | Spearman |
| 20:18 | Crear | Spearman |
| 20:20 | Crear | Villager (Male) |
| 20:22 | Construir | Farm |
| 20:23 | Construir | Farm |
| 21:06 | Investigar | Fletching |
| 21:10 | Construir | House |
| 21:10 | Construir | House |
| 21:12 | Crear | Villager (Male) |
| 21:25 | Construir | Mining Camp |
| 21:39 | Crear | Spearman |
| 21:40 | Crear | Spearman |
| 21:42 | Crear | Spearman |
| 21:42 | Crear | Spearman |
| 21:50 | Crear | Spearman |
| 22:13 | Construir | House |
| 22:32 | Crear | Villager (Male) |
| 22:32 | Crear | Villager (Male) |
| 22:42 | Construir | Farm |
| 22:44 | Construir | Farm |
| 22:47 | Construir | Farm |
| 22:48 | Crear | Villager (Male) |
| 22:49 | Crear | Villager (Male) |
| 23:13 | Construir | Market |
| 23:34 | Crear | Villager (Male) |
| 23:40 | Investigar | Scale Mail Armor |
| 23:51 | Construir | Farm |
| 23:51 | Construir | Farm |
| 24:02 | Construir | Mining Camp |
| 24:28 | Construir | Mill |
| 24:29 | Construir | Farm |
| 24:29 | Construir | Farm |
| 24:29 | Construir | Farm |
| 24:29 | Construir | Farm |
| 24:30 | Construir | Farm |
| 24:30 | Construir | Farm |
| 24:35 | Investigar | Wheelbarrow |
| 24:40 | Crear | Serjeant |
| 24:40 | Crear | Serjeant |
| 24:41 | Crear | Serjeant |
| 24:42 | Crear | Serjeant |
| 25:52 | Crear | Villager (Male) |
| 26:00 | Construir | Farm |
| 26:05 | Construir | Farm |
| 26:05 | Construir | Farm |
| 26:06 | Construir | Farm |
| 26:34 | Construir | House |
| 26:35 | Construir | House |
| 26:40 | Investigar | Castle Age |
| 27:35 | Construir | House |
| 27:35 | Construir | House |
| 27:37 | Construir | House |
| 27:56 | Crear | Serjeant |
| 27:57 | Crear | Serjeant |
Build order — noob
Primeras 150 de 570 acciones detectadas
| 0:03 | Crear | Villager (Male) |
| 0:03 | Crear | Villager (Male) |
| 0:04 | Crear | Villager (Male) |
| 0:04 | Crear | Villager (Male) |
| 0:04 | Crear | Villager (Male) |
| 0:06 | Construir | House |
| 0:08 | Construir | House |
| 1:32 | Crear | Villager (Male) |
| 1:32 | Crear | Villager (Male) |
| 2:04 | Crear | Villager (Male) |
| 2:05 | Crear | Villager (Male) |
| 2:16 | Construir | Lumber Camp |
| 3:01 | Crear | Villager (Male) |
| 3:01 | Crear | Villager (Male) |
| 3:02 | Crear | Villager (Male) |
| 3:02 | Crear | Villager (Male) |
| 3:28 | Crear | Villager (Male) |
| 3:28 | Crear | Villager (Male) |
| 4:20 | Construir | House |
| 4:35 | Crear | Villager (Male) |
| 4:46 | Construir | Mill |
| 4:50 | Crear | Villager (Male) |
| 4:51 | Crear | Villager (Male) |
| 5:09 | Construir | House |
| 5:13 | Crear | Villager (Male) |
| 5:16 | Crear | Villager (Male) |
| 5:50 | Crear | Villager (Male) |
| 6:49 | Construir | Farm |
| 6:54 | Crear | Villager (Male) |
| 7:14 | Construir | Farm |
| 7:26 | Crear | Villager (Male) |
| 7:39 | Construir | Farm |
| 7:42 | Crear | Villager (Male) |
| 8:04 | Construir | Farm |
| 8:17 | Crear | Villager (Male) |
| 8:29 | Construir | Farm |
| 8:46 | Investigar | Feudal Age |
| 9:13 | Construir | House |
| 9:45 | Investigar | Double-Bit Axe |
| 9:49 | Investigar | Horse Collar |
| 9:53 | Construir | House |
| 10:15 | Crear | Villager (Male) |
| 10:25 | Construir | Palisade Gate |
| 10:43 | Crear | Villager (Male) |
| 11:01 | Edad | Edad Feudal |
| 11:22 | Construir | Mining Camp |
| 11:30 | Crear | Villager (Male) |
| 11:36 | Construir | Market |
| 12:13 | Crear | Villager (Male) |
| 12:20 | Crear | Villager (Male) |
| 12:26 | Construir | Blacksmith |
| 12:44 | Construir | Farm |
| 13:00 | Crear | Villager (Male) |
| 13:09 | Crear | Villager (Male) |
| 13:17 | Construir | Barracks |
| 13:35 | Construir | Farm |
| 13:39 | Crear | Villager (Male) |
| 14:00 | Construir | Mining Camp |
| 14:02 | Crear | Villager (Male) |
| 14:20 | Crear | Villager (Male) |
| 14:33 | Construir | Stable |
| 14:49 | Investigar | Castle Age |
| 15:04 | Construir | Farm |
| 15:09 | Investigar | Bow Saw |
| 15:38 | Construir | Building 487 |
| 15:40 | Crear | Scout Cavalry |
| 15:41 | Crear | Scout Cavalry |
| 15:41 | Crear | Scout Cavalry |
| 16:17 | Crear | Scout Cavalry |
| 16:45 | Construir | House |
| 17:04 | Crear | Scout Cavalry |
| 17:13 | Crear | Villager (Male) |
| 17:14 | Crear | Villager (Male) |
| 17:42 | Crear | Scout Cavalry |
| 17:52 | Edad | Edad de los Castillos |
| 17:58 | Construir | House |
| 18:10 | Crear | Villager (Male) |
| 18:23 | Construir | Farm |
| 18:25 | Crear | Villager (Male) |
| 18:26 | Crear | Villager (Male) |
| 18:32 | Construir | Town Center |
| 18:47 | Crear | Villager (Male) |
| 18:58 | Construir | Town Center |
| 19:03 | Crear | Villager (Male) |
| 19:23 | Crear | Knight |
| 19:34 | Construir | Farm |
| 19:46 | Investigar | Heavy Plow |
| 20:10 | Crear | Knight |
| 20:15 | Construir | Farm |
| 20:20 | Construir | Farm |
| 20:25 | Crear | Knight |
| 20:28 | Crear | Villager (Male) |
| 20:34 | Construir | Farm |
| 20:39 | Construir | Farm |
| 20:56 | Investigar | Gold Mining |
| 21:00 | Construir | Farm |
| 21:23 | Crear | Villager (Male) |
| 21:24 | Crear | Villager (Male) |
| 21:24 | Crear | Villager (Male) |
| 21:32 | Crear | Villager (Male) |
| 21:32 | Crear | Villager (Male) |
| 21:38 | Crear | Villager (Male) |
| 21:39 | Crear | Villager (Male) |
| 21:45 | Crear | Villager (Male) |
| 21:52 | Construir | Lumber Camp |
| 22:04 | Construir | Farm |
| 22:06 | Crear | Villager (Male) |
| 22:07 | Crear | Villager (Male) |
| 22:21 | Construir | Castle |
| 22:32 | Crear | Knight |
| 22:36 | Construir | Farm |
| 22:38 | Construir | Farm |
| 22:39 | Crear | Villager (Male) |
| 22:39 | Crear | Villager (Male) |
| 22:57 | Construir | Farm |
| 22:59 | Construir | Farm |
| 23:03 | Crear | Villager (Male) |
| 23:15 | Crear | Villager (Male) |
| 23:15 | Crear | Villager (Male) |
| 23:19 | Construir | House |
| 23:20 | Construir | House |
| 23:22 | Crear | Villager (Male) |
| 23:23 | Crear | Villager (Male) |
| 23:29 | Investigar | Wheelbarrow |
| 23:42 | Crear | Villager (Male) |
| 23:43 | Crear | Villager (Male) |
| 23:44 | Crear | Villager (Male) |
| 23:56 | Crear | Knight |
| 24:10 | Crear | Villager (Male) |
| 24:11 | Crear | Villager (Male) |
| 24:13 | Construir | Farm |
| 24:17 | Crear | Villager (Male) |
| 24:17 | Crear | Villager (Male) |
| 24:32 | Crear | Villager (Male) |
| 24:32 | Crear | Villager (Male) |
| 24:35 | Construir | Farm |
| 24:37 | Construir | Mill |
| 24:55 | Construir | Farm |
| 25:11 | Construir | Siege Workshop |
| 25:23 | Construir | Farm |
| 25:24 | Crear | Villager (Male) |
| 25:25 | Crear | Villager (Male) |
| 25:29 | Construir | Farm |
| 25:58 | Construir | Mining Camp |
| 26:01 | Crear | Battering Ram |
| 26:07 | Construir | Farm |
| 26:09 | Construir | Farm |
| 26:11 | Crear | Villager (Male) |
| 26:11 | Crear | Villager (Male) |
| 26:11 | Crear | Villager (Male) |
Build order — PeppyIsland31
Primeras 150 de 638 acciones detectadas
| 0:02 | Crear | Villager (Male) |
| 0:03 | Crear | Villager (Male) ×3 |
| 0:03 | Crear | Villager (Male) |
| 0:06 | Construir | House |
| 0:08 | Construir | House |
| 1:35 | Crear | Villager (Male) |
| 1:48 | Construir | Lumber Camp |
| 2:04 | Crear | Villager (Male) |
| 2:27 | Crear | Villager (Male) |
| 2:45 | Crear | Villager (Male) |
| 3:04 | Construir | House |
| 3:09 | Construir | House |
| 3:14 | Crear | Villager (Male) |
| 3:39 | Construir | Palisade Gate |
| 3:44 | Crear | Villager (Male) |
| 3:44 | Crear | Villager (Male) |
| 3:44 | Crear | Villager (Male) |
| 4:12 | Construir | House |
| 4:16 | Construir | House |
| 4:18 | Construir | House |
| 4:42 | Crear | Villager (Male) |
| 4:42 | Crear | Villager (Male) |
| 5:17 | Crear | Villager (Male) |
| 5:41 | Crear | Villager (Male) ×2 |
| 5:41 | Crear | Villager (Male) |
| 5:51 | Construir | Mill |
| 6:43 | Crear | Villager (Male) ×5 |
| 6:43 | Crear | Villager (Male) |
| 8:34 | Construir | Mining Camp |
| 9:15 | Investigar | Feudal Age |
| 9:24 | Construir | Barracks |
| 10:05 | Construir | House |
| 10:10 | Construir | House |
| 10:13 | Construir | House |
| 10:14 | Construir | House |
| 10:44 | Crear | Militia |
| 11:08 | Crear | Militia |
| 11:09 | Crear | Militia |
| 11:38 | Investigar | Man-at-Arms (upgrade) |
| 11:44 | Construir | Blacksmith |
| 11:48 | Crear | Villager (Male) |
| 12:03 | Investigar | Double-Bit Axe |
| 12:07 | Investigar | Horse Collar |
| 12:14 | Crear | Militia |
| 12:30 | Crear | Villager (Male) |
| 12:41 | Investigar | Scale Mail Armor |
| 13:42 | Crear | Villager (Male) |
| 13:42 | Crear | Villager (Male) |
| 13:45 | Construir | Farm |
| 14:23 | Crear | Villager (Male) |
| 14:27 | Construir | Farm |
| 14:31 | Construir | Farm |
| 14:36 | Construir | Farm |
| 14:59 | Construir | Building 487 |
| 15:03 | Construir | Farm |
| 15:08 | Construir | Farm |
| 15:08 | Construir | Farm |
| 15:09 | Construir | Farm |
| 15:10 | Construir | Farm |
| 15:15 | Construir | Lumber Camp |
| 15:56 | Crear | Villager (Male) |
| 15:59 | Construir | Farm |
| 15:59 | Construir | Farm |
| 15:59 | Construir | Farm |
| 16:00 | Construir | Farm |
| 16:31 | Construir | Farm |
| 16:33 | Crear | Villager (Male) |
| 16:40 | Construir | Farm |
| 16:59 | Crear | Villager (Male) |
| 17:09 | Construir | Market |
| 17:13 | Crear | Villager (Male) |
| 18:15 | Construir | Farm |
| 18:15 | Construir | Farm |
| 18:20 | Investigar | Castle Age |
| 18:27 | Construir | Mining Camp |
| 18:47 | Crear | Spearman |
| 18:47 | Crear | Spearman |
| 19:18 | Crear | Spearman |
| 19:38 | Crear | Spearman |
| 20:00 | Crear | Spearman |
| 20:42 | Crear | Villager (Male) |
| 20:42 | Crear | Villager (Male) |
| 21:02 | Construir | Town Center |
| 21:09 | Construir | Town Center |
| 21:13 | Investigar | Bow Saw |
| 21:15 | Investigar | Heavy Plow |
| 21:19 | Crear | Militia |
| 21:32 | Investigar | Pikeman (upgrade) |
| 21:45 | Crear | Villager (Male) |
| 22:06 | Crear | Villager (Male) |
| 22:12 | Crear | Spearman |
| 22:17 | Investigar | Chain Mail Armor |
| 22:24 | Construir | Farm |
| 22:25 | Construir | Farm |
| 22:41 | Crear | Villager (Male) |
| 23:01 | Crear | Villager (Male) |
| 23:01 | Crear | Villager (Male) |
| 23:09 | Crear | Villager (Male) |
| 23:09 | Crear | Villager (Male) |
| 23:16 | Construir | Siege Workshop |
| 23:36 | Crear | Villager (Male) |
| 23:36 | Crear | Villager (Male) |
| 23:36 | Crear | Villager (Male) |
| 23:39 | Construir | Farm |
| 23:40 | Construir | Farm |
| 23:41 | Construir | Farm |
| 24:40 | Crear | Villager (Male) |
| 24:40 | Crear | Villager (Male) |
| 24:40 | Crear | Villager (Male) |
| 24:43 | Crear | Scorpion |
| 24:48 | Construir | Outpost |
| 24:50 | Crear | Militia |
| 24:53 | Crear | Villager (Male) |
| 24:54 | Crear | Villager (Male) |
| 24:54 | Crear | Villager (Male) |
| 24:59 | Construir | Barracks |
| 25:10 | Investigar | Gold Mining |
| 25:13 | Crear | Villager (Male) |
| 25:13 | Crear | Villager (Male) |
| 25:17 | Crear | Scorpion |
| 25:20 | Crear | Militia |
| 25:34 | Crear | Spearman |
| 25:34 | Crear | Spearman |
| 25:34 | Crear | Spearman |
| 25:34 | Crear | Spearman |
| 26:16 | Crear | Villager (Male) |
| 26:16 | Crear | Villager (Male) |
| 26:45 | Crear | Spearman |
| 26:45 | Crear | Spearman |
| 26:46 | Investigar | Loom |
| 26:47 | Crear | Villager (Male) |
| 26:47 | Crear | Villager (Male) |
| 26:47 | Crear | Villager (Male) |
| 26:48 | Crear | Villager (Male) |
| 26:48 | Crear | Villager (Male) |
| 27:08 | Construir | Castle |
| 27:26 | Construir | Castle |
| 27:44 | Crear | Scorpion |
| 27:44 | Crear | Scorpion |
| 27:46 | Crear | Villager (Male) |
| 27:46 | Crear | Villager (Male) |
| 27:47 | Crear | Villager (Male) |
| 27:47 | Crear | Villager (Male) |
| 28:24 | Crear | Scorpion |
| 28:28 | Construir | House |
| 28:32 | Construir | House |
| 28:32 | Construir | House |
| 28:38 | Construir | House |
| 28:44 | Construir | House |
| 28:44 | Construir | House |
Build order — LIGHTYRIX
Primeras 150 de 604 acciones detectadas
| 0:01 | Crear | Villager (Male) |
| 0:01 | Crear | Villager (Male) |
| 0:02 | Crear | Villager (Male) |
| 0:03 | Construir | House |
| 0:05 | Construir | House |
| 0:18 | Crear | Villager (Male) |
| 1:32 | Crear | Villager (Male) |
| 1:48 | Construir | Lumber Camp |
| 2:02 | Crear | Villager (Male) |
| 2:02 | Crear | Villager (Male) |
| 2:24 | Crear | Villager (Male) |
| 2:56 | Crear | Villager (Male) |
| 2:56 | Crear | Villager (Male) |
| 3:14 | Crear | Villager (Male) |
| 3:15 | Crear | Villager (Male) |
| 3:41 | Crear | Villager (Male) ×2 |
| 3:42 | Crear | Villager (Male) ×2 |
| 4:03 | Construir | House |
| 4:05 | Construir | House |
| 4:32 | Crear | Villager (Male) |
| 4:32 | Crear | Villager (Male) |
| 4:59 | Crear | Villager (Male) ×2 |
| 4:59 | Crear | Villager (Male) ×2 |
| 5:06 | Crear | Villager (Male) |
| 5:06 | Crear | Villager (Male) |
| 6:24 | Crear | Villager (Male) |
| 6:25 | Crear | Villager (Male) |
| 6:25 | Crear | Villager (Male) |
| 6:26 | Crear | Villager (Male) |
| 6:26 | Crear | Villager (Male) |
| 6:27 | Crear | Villager (Male) |
| 6:27 | Crear | Villager (Male) |
| 6:35 | Crear | Villager (Male) |
| 6:43 | Crear | Villager (Male) |
| 6:43 | Crear | Villager (Male) |
| 7:41 | Construir | Mill |
| 8:10 | Construir | Mining Camp |
| 8:25 | Investigar | Feudal Age |
| 9:06 | Construir | House |
| 9:23 | Construir | Farm |
| 9:28 | Construir | Farm |
| 10:12 | Crear | Villager (Male) |
| 10:13 | Crear | Villager (Male) |
| 10:40 | Edad | Edad Feudal |
| 10:43 | Construir | Blacksmith |
| 10:46 | Construir | Market |
| 11:52 | Investigar | Castle Age |
| 12:11 | Investigar | Double-Bit Axe |
| 13:03 | Construir | Barracks |
| 13:54 | Crear | Villager (Male) |
| 13:54 | Crear | Villager (Male) |
| 14:00 | Construir | Stable |
| 14:32 | Edad | Edad de los Castillos |
| 14:40 | Construir | Town Center |
| 14:52 | Investigar | Bow Saw |
| 14:53 | Crear | Villager (Male) |
| 14:54 | Crear | Villager (Male) |
| 15:00 | Crear | Knight |
| 15:01 | Crear | Knight |
| 15:01 | Crear | Knight |
| 15:15 | Construir | Farm |
| 15:19 | Construir | Farm |
| 15:21 | Crear | Villager (Male) |
| 15:22 | Crear | Villager (Male) |
| 15:28 | Construir | Farm |
| 15:32 | Construir | Farm |
| 16:03 | Construir | Farm |
| 16:04 | Construir | Farm |
| 16:04 | Construir | Farm |
| 16:04 | Construir | Farm |
| 16:10 | Crear | Villager (Male) |
| 16:18 | Construir | Farm |
| 16:27 | Construir | Farm |
| 16:33 | Construir | Farm |
| 16:34 | Crear | Villager (Male) |
| 16:34 | Crear | Villager (Male) |
| 16:47 | Construir | House |
| 16:50 | Construir | House |
| 17:02 | Crear | Knight |
| 17:28 | Crear | Knight |
| 17:28 | Crear | Knight |
| 17:29 | Crear | Knight |
| 18:13 | Crear | Villager (Male) |
| 18:14 | Crear | Villager (Male) |
| 18:14 | Crear | Villager (Male) |
| 18:15 | Crear | Villager (Male) |
| 18:20 | Crear | Knight |
| 18:21 | Crear | Knight |
| 18:24 | Crear | Villager (Male) |
| 18:24 | Crear | Villager (Male) |
| 18:26 | Crear | Villager (Male) |
| 18:26 | Crear | Villager (Male) |
| 18:29 | Construir | House |
| 18:31 | Construir | House |
| 18:36 | Crear | Villager (Male) |
| 18:36 | Crear | Villager (Male) |
| 18:45 | Construir | Stable |
| 18:47 | Crear | Villager (Male) |
| 18:52 | Construir | Farm |
| 18:53 | Construir | Farm |
| 18:53 | Construir | Farm |
| 18:53 | Construir | Farm |
| 19:00 | Crear | Villager (Male) |
| 19:03 | Construir | Farm |
| 19:04 | Construir | Farm |
| 19:10 | Crear | Knight |
| 19:26 | Investigar | Scale Barding Armor |
| 19:33 | Crear | Knight |
| 19:33 | Crear | Knight |
| 19:51 | Crear | Villager (Male) |
| 19:51 | Crear | Villager (Male) |
| 20:05 | Crear | Knight |
| 20:06 | Crear | Knight |
| 20:08 | Crear | Villager (Male) |
| 20:08 | Crear | Villager (Male) |
| 20:13 | Crear | Villager (Male) |
| 20:13 | Crear | Villager (Male) |
| 20:24 | Crear | Villager (Male) |
| 20:32 | Construir | Building 490 |
| 20:35 | Crear | Villager (Male) |
| 20:35 | Crear | Villager (Male) |
| 20:43 | Construir | Farm |
| 20:43 | Construir | Farm |
| 20:43 | Construir | Farm |
| 20:43 | Construir | Farm |
| 20:44 | Construir | Farm |
| 20:44 | Construir | Farm |
| 20:47 | Crear | Villager (Male) |
| 20:47 | Crear | Villager (Male) ×2 |
| 20:56 | Construir | House |
| 20:58 | Construir | House |
| 21:11 | Crear | Knight |
| 21:11 | Crear | Knight |
| 21:25 | Crear | Knight |
| 21:28 | Crear | Villager (Male) |
| 21:28 | Crear | Villager (Male) |
| 21:38 | Crear | Villager (Male) |
| 21:38 | Crear | Villager (Male) |
| 21:50 | Construir | Stable |
| 21:53 | Construir | House |
| 21:54 | Crear | Villager (Male) |
| 21:54 | Crear | Villager (Male) |
| 22:24 | Construir | Stable |
| 22:45 | Crear | Knight ×3 |
| 22:45 | Crear | Knight ×3 |
| 22:49 | Investigar | Forging |
| 22:52 | Crear | Knight |
| 22:52 | Crear | Knight |
| 22:52 | Crear | Knight |
| 22:53 | Crear | Villager (Male) |
Cronología de la partida
| 3:47 | [GZ] Hazardous274 · wall_segment Palisade Wall x9 |
| 5:06 | eduhaas · wall_segment Palisade Wall x1 |
| 8:03 | eduhaas · wall_segment Palisade Wall x2 |
| 8:58 | zThanatos · age_up feudal |
| 9:16 | zThanatos · first_building Donjon |
| 9:24 | PeppyIsland31 · first_building Barracks |
| 10:19 | zThanatos · wall_segment Palisade Wall x1 |
| 10:40 | LIGHTYRIX · age_up feudal |
| 11:01 | noob · age_up feudal |
| 11:04 | eduhaas · first_building Barracks |
| 11:26 | Jcn_x · first_building Barracks |
| 11:26 | zThanatos · first_building Archery Range |
| 11:58 | eduhaas · age_up feudal |
| 12:13 | Jcn_x · age_up feudal |
| 12:16 | Insider Trading · age_up feudal |
| 12:32 | Insider Trading · wall_segment Stone Wall x15 |
| 12:45 | Insider Trading · wall_segment Stone Wall x1 |
| 12:50 | [GZ] Hazardous274 · age_up feudal |
| 13:03 | LIGHTYRIX · first_building Barracks |
| 13:15 | eduhaas · wall_segment Palisade Wall x3 |
| 13:17 | noob · first_building Barracks |
| 13:52 | eduhaas · wall_segment Palisade Wall x3 |
| 14:00 | LIGHTYRIX · first_building Stable |
| 14:15 | [GZ] Hazardous274 · first_building Barracks |
| 14:15 | Jcn_x · first_building Archery Range |
| 14:32 | LIGHTYRIX · age_up castle |
| 14:33 | noob · first_building Stable |
| 15:31 | eduhaas · first_building Stable |
| 15:33 | Jcn_x · wall_segment Stone Wall x1 |
| 15:52 | Jcn_x · wall_segment Stone Wall x7 |
| 15:58 | [GZ] Hazardous274 · first_building Stable |
| 16:18 | Insider Trading · first_market_sell 100 wood |
| 16:20 | Insider Trading · first_market_buy 100 food |
| 16:29 | Jcn_x · wall_segment Stone Wall x6 |
| 16:34 | Insider Trading · wall_segment Stone Wall x16 |
| 16:40 | eduhaas · age_up castle |
| 17:11 | [GZ] Hazardous274 · age_up castle |
| 17:17 | [GZ] Hazardous274 · wall_segment Palisade Wall x10 |
| 17:52 | noob · age_up castle |
| 18:14 | Insider Trading · wall_segment Stone Wall x15 |
| 18:41 | Jcn_x · first_market_sell 100 wood |
| 19:02 | Insider Trading · age_up castle |
| 19:52 | Insider Trading · first_building Barracks |
| 21:13 | eduhaas · wall_segment Palisade Wall x3 |
| 21:14 | Jcn_x · wall_segment Stone Wall x5 |
| 21:26 | Jcn_x · age_up castle |
| 21:40 | Insider Trading · first_building Archery Range |
| 22:21 | noob · first_building Castle |
| 22:31 | Insider Trading · first_building Castle |
| 23:16 | PeppyIsland31 · first_building Siege Workshop |
| 23:27 | LIGHTYRIX · wall_segment Stone Wall x1 |
| 25:11 | noob · first_building Siege Workshop |
| 25:30 | eduhaas · first_building Castle |
| 27:08 | PeppyIsland31 · first_building Castle |
| 27:24 | noob · first_market_sell 100 food |
| 28:01 | eduhaas · first_building Siege Workshop |
| 29:19 | [GZ] Hazardous274 · first_building Siege Workshop |
| 29:20 | zThanatos · age_up castle |
| 29:21 | zThanatos · first_building Castle |
| 29:29 | [GZ] Hazardous274 · first_building Monastery |
| 29:55 | zThanatos · wall_segment Stone Wall x9 |
| 30:22 | Jcn_x · first_building Siege Workshop |
| 30:40 | noob · age_up imperial |
| 31:31 | Jcn_x · wall_segment Stone Wall x1 |
| 31:50 | zThanatos · first_building Siege Workshop |
| 32:26 | Insider Trading · first_building Siege Workshop |
| 32:35 | zThanatos · wall_segment Palisade Wall x1 |
| 33:45 | Jcn_x · first_market_buy 100 stone |
| 33:45 | PeppyIsland31 · wall_segment Stone Wall x6 |
| 33:52 | PeppyIsland31 · wall_segment Stone Wall x7 |
| 34:20 | eduhaas · first_market_sell 100 wood |
| 34:34 | [GZ] Hazardous274 · age_up imperial |
| 35:57 | LIGHTYRIX · first_market_sell 500 food |
| 36:09 | LIGHTYRIX · first_building Monastery |
| 36:59 | zThanatos · first_building Barracks |
| 37:02 | PeppyIsland31 · wall_segment Stone Wall x5 |
| 37:38 | eduhaas · age_up imperial |
| 38:45 | noob · first_building Archery Range |
| 39:32 | LIGHTYRIX · wall_segment Stone Wall x3 |
| 39:34 | LIGHTYRIX · wall_segment Stone Wall x3 |
| 40:08 | LIGHTYRIX · age_up imperial |
| 40:43 | zThanatos · first_market_buy 100 stone |
| 41:07 | Insider Trading · age_up imperial |
| 41:17 | zThanatos · age_up imperial |
| 41:39 | PeppyIsland31 · wall_segment Stone Wall x3 |
| 41:49 | [GZ] Hazardous274 · first_building Castle |
| 41:55 | zThanatos · first_market_sell 500 food |
| 41:58 | PeppyIsland31 · first_market_sell 100 food |
| 42:25 | Jcn_x · wall_segment Stone Wall x2 |
| 46:11 | LIGHTYRIX · first_building Castle |
| 46:53 | PeppyIsland31 · first_market_buy 100 stone |
| 47:01 | PeppyIsland31 · wall_segment Stone Wall x9 |
| 48:11 | LIGHTYRIX · tribute_sent a jugador 1 |
| 48:11 | LIGHTYRIX · tribute_sent a jugador 2 |
| 48:11 | LIGHTYRIX · tribute_sent a jugador 3 |
| 48:11 | LIGHTYRIX · tribute_sent a jugador 4 |
| 48:11 | LIGHTYRIX · tribute_sent a jugador 5 |
| 48:11 | LIGHTYRIX · tribute_sent a jugador 6 |
| 48:11 | LIGHTYRIX · tribute_sent a jugador 7 |
| 49:07 | PeppyIsland31 · first_building Archery Range |
| 49:26 | [GZ] Hazardous274 · wall_segment Stone Wall x12 |
| 52:29 | [GZ] Hazardous274 · tribute_sent a jugador 2 |
| 52:29 | [GZ] Hazardous274 · tribute_sent a jugador 3 |
| 52:29 | [GZ] Hazardous274 · tribute_sent a jugador 4 |
| 52:29 | [GZ] Hazardous274 · tribute_sent a jugador 5 |
| 52:29 | [GZ] Hazardous274 · tribute_sent a jugador 6 |
| 52:29 | [GZ] Hazardous274 · tribute_sent a jugador 7 |
| 52:29 | [GZ] Hazardous274 · tribute_sent a jugador 8 |
| 52:49 | zThanatos · wall_segment Stone Wall x3 |
| 52:53 | zThanatos · wall_segment Stone Wall x3 |
| 52:57 | zThanatos · wall_segment Stone Wall x3 |
| 53:12 | zThanatos · wall_segment Stone Wall x3 |
| 53:14 | zThanatos · wall_segment Stone Wall x3 |
| 53:55 | LIGHTYRIX · tribute_sent a jugador 1 |
| 53:55 | LIGHTYRIX · tribute_sent a jugador 2 |
| 53:55 | LIGHTYRIX · tribute_sent a jugador 3 |
| 53:55 | LIGHTYRIX · tribute_sent a jugador 4 |
| 53:55 | LIGHTYRIX · tribute_sent a jugador 5 |
| 53:55 | LIGHTYRIX · tribute_sent a jugador 6 |
| 53:55 | LIGHTYRIX · tribute_sent a jugador 7 |
| 54:18 | PeppyIsland31 · wall_segment Stone Wall x12 |
| 54:50 | noob · first_market_buy 100 stone |
| 55:40 | noob · wall_segment Stone Wall x13 |
| 56:19 | PeppyIsland31 · wall_segment Stone Wall x3 |
| 56:53 | noob · resign |
| 58:15 | PeppyIsland31 · wall_segment Stone Wall x6 |
[ ANÁLISIS IA · 1 CRÉDITO ]
¿Qué pasó realmente en esta partida?
Wolo.gg analiza cada decisión: build order, eco, micro, errores típicos por bracket. Análisis personalizado por WhatsApp o Discord en 30 segundos.
Guía civ
Magiares
Guía mapa
Glade
Perfil
[GZ] Hazardous274